Moose vs Rocket
(R1)
Created - May 9, 2024 at 20:50
Goals
|
| Moose |
0 |
4 |
2 |
6 |
| Rocket |
0 |
3 |
1 |
4 |
|
Shots
|
| Moose |
10 |
14 |
13 |
37 |
| Rocket |
3 |
25 |
8 |
36 |
|
1st period
No Goal
Penalties :
Scott Wilson (Lav) for Roughing (Minor) at 1:49, Boris Katchouk (Man) for Holding (Minor) at 15:23
2nd period
1. Moose , Chase De Leo 24 (Anders Bjork 20) at 2:19
2. Moose , Michael McLeod 41 (Josh Mahura 14, Nick Paul 34) at 3:27
3. Moose , Anders Bjork 26 (Chase De Leo 25) at 9:32
4. Rocket , Scott Wilson 40 (Chris Bigras 45, Dominic Turgeon 64) at 9:49
5. Rocket , Scott Wilson 41 (Dylan DeMelo 17, Brandon Pirri 58) at 10:56
6. Rocket , Viktor Loov 6 (Peter Holland 52, Chris Bigras 46) at 11:44
7. Moose , Michael McLeod 42 (Juuso Valimaki 26) at 18:39 (PP)
Penalties :
Brandon Pirri (Lav) for Holding Stick (Minor) at 5:46, Ty Rattie (Lav) for Holding (Minor) at 18:03
3rd period
8. Moose , Julien Gauthier 9 (Anders Bjork 21, Josh Mahura 15) at 9:20
9. Rocket , Dominic Turgeon 25 (Scott Wilson 43, Brandon Pirri 59) at 11:09 (PP)
10. Moose , Dylan Strome 56 (Nikolay Goldobin 51, Ludwig Bystrom 51) at 19:20 (Empty Net)
Penalties :
Ty Rattie (Lav) for Tripping (Minor) at 1:27, Josh Mahura (Man) for Holding (Minor) at 10:58, Caleb Jones (Man) for Holding (Minor) at 12:12
Goalie Stats
Filip Gustavsson (Man), 32 saves from 36 shots - (0.889), W, 37-27-4, 60:00 minutes
Jamie Phillips (Lav), 31 saves from 36 shots - (0.861), L, 18-15-5, 59:40 minutes
Players Stats for Moose
Player Name G A P +/- PIM S H SB GA TA FO MP PP MP PK MP
------------------------------------------------------------------------------------
Anders Bjork 1 2 3 3 0 3 1 0 0 0 0/0 12:20 0:05 0:34
Boris Katchouk 0 0 0 0 2 3 2 0 0 0 0/0 8:34 0:00 0:00
Caleb Jones 0 0 0 0 2 0 2 0 0 0 0/0 19:43 2:34 0:49
Chase De Leo 1 1 2 3 0 1 1 0 0 0 5/9 12:35 0:13 0:46
Dylan Strome 1 0 1 -2 0 3 1 1 1 1 16/33 22:38 3:37 2:20
Jake Leschyshyn 0 0 0 0 0 1 1 1 1 0 1/1 8:42 0:00 0:07
Joey Keane 0 0 0 1 0 1 0 0 0 0 0/0 10:53 0:00 0:00
Josh Mahura 0 2 2 1 2 0 0 0 0 0 0/0 11:33 0:00 0:41
Julien Gauthier 1 0 1 3 0 1 1 0 0 0 0/0 11:37 0:05 0:00
Juuso Valimaki 0 1 1 1 0 1 2 3 0 1 0/0 28:43 3:59 2:39
Kieffer Bellows 0 0 0 0 0 1 0 0 0 0 1/1 8:26 0:00 0:00
Ludwig Bystrom 0 1 1 1 0 3 2 4 1 2 0/0 28:43 3:59 2:39
Mathieu Joseph 0 0 0 -2 0 3 2 1 1 1 1/2 20:05 3:29 0:00
Michael McLeod 2 0 2 1 0 9 2 0 0 0 4/12 16:27 2:51 1:06
Nelson Nogier 0 0 0 0 0 1 0 2 0 2 0/0 20:24 2:34 1:30
Nick Paul 0 1 1 1 0 1 3 1 0 0 1/1 16:27 2:51 1:06
Nikolay Goldobin 0 1 1 -2 0 4 2 0 1 1 0/3 22:37 3:37 2:19
Vinni Lettieri 0 0 0 1 0 1 2 0 0 0 0/0 15:21 2:51 0:00
Players Stats for Rocket
Player Name G A P +/- PIM S H SB GA TA FO MP PP MP PK MP
------------------------------------------------------------------------------------
Andrei Mironov 0 0 0 -2 0 2 1 1 0 0 0/0 20:37 1:27 2:20
Branden Troock 0 0 0 0 0 0 0 0 0 0 0/1 2:45 0:00 2:01
Brandon Pirri 0 2 2 -1 2 2 2 1 1 1 5/6 23:01 2:30 2:32
Chris Bigras 0 2 2 0 0 2 1 0 2 2 0/0 27:24 2:42 4:13
Dominic Turgeon 1 1 2 -1 0 6 3 0 1 1 19/36 24:25 2:30 3:31
Dylan DeMelo 0 1 1 -2 0 1 1 1 0 0 0/0 19:55 1:27 2:20
Francis Perron 0 0 0 0 0 0 0 0 0 0 0/0 1:18 0:00 1:05
Jack Glover 0 0 0 0 0 1 1 1 0 0 0/0 11:59 0:00 0:00
Jakob Lilja 0 0 0 -1 0 0 0 1 0 0 1/1 12:08 0:00 0:21
JC Lipon 0 0 0 -1 0 2 0 0 0 0 0/0 6:49 0:00 0:00
Karson Kuhlman 0 0 0 -1 0 2 2 1 0 0 0/3 11:56 0:00 0:09
Luke Kunin 0 0 0 -1 0 4 0 0 1 0 2/4 6:49 0:00 0:00
MacKenzie Entwistle 0 0 0 0 0 0 0 0 0 0 0/0 0:00 0:00 0:00
Mikhail Maltsev 0 0 0 0 0 0 0 0 0 0 0/0 0:13 0:00 0:00
Peter Holland 0 1 1 1 0 2 0 0 0 0 6/11 16:24 1:39 2:40
Raphael Bussieres 0 0 0 -1 0 1 0 0 0 0 0/0 6:49 0:00 0:00
Rasmus Sandin 0 0 0 0 0 0 0 0 0 0 0/0 2:28 0:00 0:00
Ryan Collins 0 0 0 0 0 0 0 0 0 1 0/0 11:59 0:00 0:00
Scott Wilson 2 1 3 -1 2 5 1 0 1 0 0/0 21:09 2:30 0:47
Sergey Tolchinsky 0 0 0 1 0 0 1 0 0 0 0/0 13:44 1:39 0:00
Taylor Leier 0 0 0 0 0 0 0 0 0 0 0/0 0:00 0:00 0:00
Troy Terry 0 0 0 -1 0 2 0 1 0 0 0/0 11:47 0:00 0:00
Ty Rattie 0 0 0 1 4 0 1 0 0 0 0/0 14:06 1:39 0:00
Viktor Loov 1 0 1 0 0 4 1 2 2 0 0/0 25:38 2:42 4:13
Zack MacEwen 0 0 0 0 0 0 0 0 0 0 0/0 0:00 0:00 0:00
3 Stars
1 - Anders Bjork (Man)
2 - Michael McLeod (Man)
3 - Chase De Leo (Man)
Power Play
Moose - 1 on 4 Attempt(s) - 25.00%
Rocket - 1 on 3 Attempt(s) - 33.33%
Penalty Kill
Moose - 2 on 3 Attempt(s) - 66.67%
- Score 0 goal in Penalty Kill
Rocket - 3 on 4 Attempt(s) - 75.00%
- Score 0 goal in Penalty Kill
Team Stat
Moose - Hits : 24 - Faceoff Wins : 29 - Blocked Shots : 13 - Penalty Minutes : 6
Rocket - Hits : 15 - Faceoff Wins : 33 - Blocked Shots : 9 - Penalty Minutes : 8
Official
Referees : Justin St. Pierre and Corey Syvret
Linesman : David Brisebois and Libor Suchanek
Game Notes
18:39 of 2nd period - Moose goal is going for a video replay. After video review, Goal.
Dylan Strome has scored in a empty net!
Finance
Level 1 -- Attendance: 1685 (84.25%) -- Ticket Income $117,950
Level 2 -- Attendance: 988 (98.80%) -- Ticket Income $39,520
Total Attendance: 2673 (89.10%)
Total Ticket Income: $157,470
Other Income: $7,874
Total Income: $165,344
Moose
5 vs 5 Forward
Center Left Wing Right Wing Time % Phy DF OF
1 Dylan Strome Nikolay Goldobin Mathieu Joseph 40 1 2 2
2 Michael McLeod Nick Paul Vinni Lettieri 30 1 2 2
3 Chase De Leo Anders Bjork Julien Gauthier 20 1 2 2
4 Jake Leschyshyn Boris Katchouk Kieffer Bellows 10 1 2 2
5 vs 5 Defense
Defense Defense Time % Phy DF OF
1 Ludwig Bystrom Juuso Valimaki 40 1 2 2
2 Nelson Nogier Caleb Jones 30 1 2 2
3 Josh Mahura Joey Keane 20 1 2 2
4 Ludwig Bystrom Juuso Valimaki 10 1 2 2
PowerPlay Forward
Center Left Wing Right Wing Time % Phy DF OF
1 Dylan Strome Nikolay Goldobin Mathieu Joseph 60 1 2 2
2 Michael McLeod Nick Paul Vinni Lettieri 40 1 2 2
PowerPlay Defense
Defense Defense Time % Phy DF OF
1 Ludwig Bystrom Juuso Valimaki 60 1 2 2
2 Nelson Nogier Caleb Jones 40 1 2 2
Penalty Kill 4 Players Forward
Center Wing Time % Phy DF OF
1 Dylan Strome Nikolay Goldobin 60 1 2 2
2 Michael McLeod Nick Paul 40 1 2 2
Penalty Kill 4 Players Defense
Defense Defense Time % Phy DF OF
1 Ludwig Bystrom Juuso Valimaki 60 1 2 2
2 Nelson Nogier Caleb Jones 40 1 2 2
Penalty Kill - 3 Players Forward
Forward Time % Phy DF OF
1 Dylan Strome 60 1 2 2
2 Michael McLeod 40 1 2 2
Penalty Kill - 3 Players Defense
Defense Defense Time % Phy DF OF
1 Ludwig Bystrom Juuso Valimaki 60 1 2 2
2 Nelson Nogier Caleb Jones 40 1 2 2
4 vs 4 Forward
Center Wing Time % Phy DF OF
1 Dylan Strome Nikolay Goldobin 60 1 2 2
2 Michael McLeod Nick Paul 40 1 2 2
4 vs 4 Defense
Defense Defense Time % Phy DF OF
1 Ludwig Bystrom Juuso Valimaki 60 1 2 2
2 Nelson Nogier Caleb Jones 40 1 2 2
Last Minutes Offensive
Center Left Wing Right Wing Defense Defense
Dylan Strome Nikolay Goldobin Mathieu Joseph Ludwig Bystrom Juuso Valimaki
Last Minutes Defensive
Center Left Wing Right Wing Defense Defense
Dylan Strome Nikolay Goldobin Mathieu Joseph Ludwig Bystrom Juuso Valimaki
Goaltenders
Starting : Filip Gustavsson
Backup : Daniel Vladar
Extra Forwards
Normal : Chase De Leo, Nick Paul, Vinni Lettieri - PP : Chase De Leo, Nick Paul - PK : Chase De Leo
Extra Defensemen
Normal : Caleb Jones, Josh Mahura, Joey Keane - PP : Caleb Jones - PK : Caleb Jones, Josh Mahura
Penalty Shots
Mathieu Joseph, Nikolay Goldobin, Dylan Strome, Michael McLeod, Chase De Leo
Custom OT Lines Forwards
Mathieu Joseph, Nikolay Goldobin, Dylan Strome, Michael McLeod, Chase De Leo, Nick Paul, Vinni Lettieri, Anders Bjork, Julien Gauthier, Boris Katchouk
Custom OT Lines Defensemen
Ludwig Bystrom, Juuso Valimaki, Nelson Nogier, Caleb Jones, Josh Mahura
Scratches
Riley Damiani (Healthy), Alexander Khovanov (Healthy), Matthew Benning (Left Foot Injury), Mitchell Stephens (Healthy), Jonathan Kovacevic (Healthy)
Adam Ginning (Healthy), Jonny Tychonick (Healthy), Tomas Jurco (Healthy), Max Jones (Healthy), Nathan Bastian (Healthy)
William Bitten (Healthy), Jonatan Berggren (Healthy), Joey Daccord (Healthy), Karel Vejmelka (Healthy)
Rocket
5 vs 5 Forward
Center Left Wing Right Wing Time % Phy DF OF
1 Dominic Turgeon Brandon Pirri Scott Wilson 40 1 2 2
2 Peter Holland Sergey Tolchinsky Ty Rattie 30 1 2 2
3 Karson Kuhlman Jakob Lilja Troy Terry 20 1 2 2
4 Luke Kunin Raphael Bussieres JC Lipon 10 1 2 2
5 vs 5 Defense
Defense Defense Time % Phy DF OF
1 Chris Bigras Viktor Loov 40 1 2 2
2 Andrei Mironov Dylan DeMelo 30 1 2 2
3 Jack Glover Ryan Collins 20 1 2 2
4 Rasmus Sandin Chris Bigras 10 1 2 2
PowerPlay Forward
Center Left Wing Right Wing Time % Phy DF OF
1 Dominic Turgeon Brandon Pirri Scott Wilson 60 1 2 2
2 Peter Holland Sergey Tolchinsky Ty Rattie 40 1 2 2
PowerPlay Defense
Defense Defense Time % Phy DF OF
1 Chris Bigras Viktor Loov 60 1 2 2
2 Andrei Mironov Dylan DeMelo 40 1 2 2
Penalty Kill 4 Players Forward
Center Wing Time % Phy DF OF
1 Brandon Pirri Dominic Turgeon 60 1 2 2
2 Scott Wilson Peter Holland 40 1 2 2
Penalty Kill 4 Players Defense
Defense Defense Time % Phy DF OF
1 Chris Bigras Viktor Loov 60 1 2 2
2 Andrei Mironov Dylan DeMelo 40 1 2 2
Penalty Kill - 3 Players Forward
Forward Time % Phy DF OF
1 Brandon Pirri 60 1 2 2
2 Dominic Turgeon 40 1 2 2
Penalty Kill - 3 Players Defense
Defense Defense Time % Phy DF OF
1 Chris Bigras Viktor Loov 60 1 2 2
2 Andrei Mironov Dylan DeMelo 40 1 2 2
4 vs 4 Forward
Center Wing Time % Phy DF OF
1 Brandon Pirri Dominic Turgeon 60 1 2 2
2 Scott Wilson Peter Holland 40 1 2 2
4 vs 4 Defense
Defense Defense Time % Phy DF OF
1 Chris Bigras Viktor Loov 60 1 2 2
2 Andrei Mironov Dylan DeMelo 40 1 2 2
Last Minutes Offensive
Center Left Wing Right Wing Defense Defense
Dominic Turgeon Brandon Pirri Scott Wilson Chris Bigras Viktor Loov
Last Minutes Defensive
Center Left Wing Right Wing Defense Defense
Dominic Turgeon Brandon Pirri Scott Wilson Chris Bigras Viktor Loov
Goaltenders
Starting : Jamie Phillips
Backup : Eamon McAdam
Extra Forwards
Normal : Mikhail Maltsev, Francis Perron, Branden Troock - PP : Mikhail Maltsev, Francis Perron - PK : Branden Troock
Extra Defensemen
Normal : Jack Glover, Ryan Collins, Rasmus Sandin - PP : Jack Glover - PK : Ryan Collins, Rasmus Sandin
Penalty Shots
Brandon Pirri, Dominic Turgeon, Scott Wilson, Peter Holland, Karson Kuhlman
Custom OT Lines Forwards
Brandon Pirri, Dominic Turgeon, Scott Wilson, Peter Holland, Karson Kuhlman, Sergey Tolchinsky, Ty Rattie, Troy Terry, Jakob Lilja, Raphael Bussieres
Custom OT Lines Defensemen
Chris Bigras, Viktor Loov, Andrei Mironov, Dylan DeMelo, Jack Glover
Scratches
Damien Giroux (Healthy), Dean Kukan (Healthy), Reese Johnson (Healthy), Jake Pivonka (Healthy), Niklas Nordgren (Healthy)
Alexis Gravel (Healthy), Connor Ingram (Healthy)
% Time on Ice - Moose
Lines # - Real PCT - Wanted PCT - Time Play
Normal Forward
1 - 34% - 40% - 16:34
2 - 26% - 30% - 12:30
3 - 23% - 20% - 11:13
4 - 17% - 10% - 8:26
Normal Defense
1 - 40% - 40% - 19:28
2 - 34% - 30% - 16:20
3 - 22% - 20% - 10:48
4 - 4% - 10% - 2:07
PP Forward
1 - 56% - 60% - 3:42
2 - 44% - 40% - 2:51
PP Defense
1 - 61% - 60% - 3:59
2 - 39% - 40% - 2:34
PK Forward
1 - 73% - 60% - 3:03
2 - 27% - 40% - 1:06
PK Defense
1 - 64% - 60% - 2:39
2 - 36% - 40% - 1:30
PK3 Forward
1 - 0% - 60%
2 - 0% - 40%
PK3 Defense
1 - 0% - 60%
2 - 0% - 40%
44 Forward
1 - 0% - 60%
2 - 0% - 40%
44 Defense
1 - 0% - 60%
2 - 0% - 40%
Last Minute Offensive - 0:00
Last Minute Defensive - 0:35
Total
Forward - 60:00
Defense - 60:00
|
% Time on Ice - Rocket
Lines # - Real PCT - Wanted PCT - Time Play
Normal Forward
1 - 38% - 40% - 18:37
2 - 25% - 30% - 12:05
3 - 24% - 20% - 11:47
4 - 14% - 10% - 6:49
Normal Defense
1 - 38% - 40% - 18:43
2 - 33% - 30% - 16:08
3 - 24% - 20% - 11:59
4 - 5% - 10% - 2:28
PP Forward
1 - 60% - 60% - 2:30
2 - 40% - 40% - 1:39
PP Defense
1 - 65% - 60% - 2:42
2 - 35% - 40% - 1:27
PK Forward
1 - 76% - 60% - 4:57
2 - 24% - 40% - 1:36
PK Defense
1 - 64% - 60% - 4:13
2 - 36% - 40% - 2:20
PK3 Forward
1 - 0% - 60%
2 - 0% - 40%
PK3 Defense
1 - 0% - 60%
2 - 0% - 40%
44 Forward
1 - 0% - 60%
2 - 0% - 40%
44 Defense
1 - 0% - 60%
2 - 0% - 40%
Last Minute Offensive - 0:00
Last Minute Defensive - 0:00
Total
Forward - 60:00
Defense - 60:00
|
Play-by-Play
1st period
0:01 of 1st period - Dominic Turgeon wins face-off versus Dylan Strome in neutral zone.
0:27 of 1st period - Chris Bigras is hit by Ludwig Bystrom and loses puck.
1:26 of 1st period - Off-side.
1:27 of 1st period - Dylan Strome wins face-off versus Dominic Turgeon in neutral zone.
1:34 of 1st period - Jack Glover is hit by Mathieu Joseph and loses puck.
1:49 of 1st period - Minor Penalty to Scott Wilson for Roughing.
1:50 of 1st period - Brandon Pirri wins face-off versus Dylan Strome in Rocket zone.
2:32 of 1st period - Snap shot by Dylan Strome.
2:32 of 1st period - Shot Misses the Net.
3:00 of 1st period - Wrist shot by Mathieu Joseph.
3:00 of 1st period - Deflect By Dylan Strome.
3:00 of 1st period - Shot Blocked by Andrei Mironov.
3:00 of 1st period - Puck is out of play.
3:01 of 1st period - Brandon Pirri wins face-off versus Michael McLeod in Rocket zone.
3:49 of 1st period - Penalty to Scott Wilson is over, Scott Wilson is back on ice.
4:03 of 1st period - Jack Glover is hit by Julien Gauthier and loses puck.
4:46 of 1st period - Off-side.
4:47 of 1st period - Michael McLeod wins face-off versus Luke Kunin in neutral zone.
5:06 of 1st period - Wrist shot by JC Lipon.
5:06 of 1st period - Stopped by Filip Gustavsson without a rebound.
5:07 of 1st period - Dylan Strome wins face-off versus Peter Holland in Moose zone.
5:32 of 1st period - Brandon Pirri is hit by Anders Bjork.
6:02 of 1st period - Backhand shot by Michael McLeod.
6:02 of 1st period - Shot Misses the Net.
6:04 of 1st period - Snap shot by Michael McLeod.
6:04 of 1st period - Stopped by Jamie Phillips with a rebound.
6:16 of 1st period - Snap shot by Dylan DeMelo.
6:16 of 1st period - Stopped by Filip Gustavsson with a rebound.
7:00 of 1st period - Snap shot by Kieffer Bellows.
7:00 of 1st period - Stopped by Jamie Phillips with a rebound.
7:02 of 1st period - Slapshot by Ludwig Bystrom.
7:02 of 1st period - Stopped by Jamie Phillips with a rebound.
7:04 of 1st period - Snap shot by Ludwig Bystrom.
7:04 of 1st period - Deflect By Boris Katchouk.
7:04 of 1st period - Stopped by Jamie Phillips without a rebound.
7:05 of 1st period - Dylan Strome wins face-off versus Karson Kuhlman in Rocket zone.
7:37 of 1st period - Slapshot by Sergey Tolchinsky.
7:37 of 1st period - Shot Misses the Net.
7:41 of 1st period - Slapshot by Sergey Tolchinsky.
7:41 of 1st period - Deflect By Ty Rattie.
7:41 of 1st period - Shot Misses the Net.
7:41 of 1st period - Puck is out of play.
7:42 of 1st period - Dominic Turgeon wins face-off versus Dylan Strome in Moose zone.
8:07 of 1st period - Viktor Loov is hit by Nick Paul and loses puck.
8:32 of 1st period - Dylan DeMelo is hit by Caleb Jones and loses puck.
8:54 of 1st period - Brandon Pirri is hit by Ludwig Bystrom.
8:58 of 1st period - Backhand shot by Brandon Pirri.
8:58 of 1st period - Shot Blocked by Mathieu Joseph.
9:00 of 1st period - Snap shot by Dominic Turgeon.
9:00 of 1st period - Shot Misses the Net.
9:10 of 1st period - Jack Glover is hit by Boris Katchouk.
9:30 of 1st period - Michael McLeod is hit by Ty Rattie and loses puck.
10:22 of 1st period - Wrist shot by Dylan Strome.
10:22 of 1st period - Stopped by Jamie Phillips with a rebound.
10:32 of 1st period - Scott Wilson is hit by Vinni Lettieri and loses puck.
11:40 of 1st period - Wrist shot by Dylan Strome.
11:40 of 1st period - Shot Blocked by Dylan DeMelo.
11:42 of 1st period - Wrist shot by Nikolay Goldobin.
11:42 of 1st period - Stopped by Jamie Phillips without a rebound.
11:43 of 1st period - Dylan Strome wins face-off versus Peter Holland in Rocket zone.
12:03 of 1st period - Slapshot by Nikolay Goldobin.
12:03 of 1st period - Stopped by Jamie Phillips without a rebound.
12:04 of 1st period - Dominic Turgeon wins face-off versus Michael McLeod in Rocket zone.
12:21 of 1st period - Slapshot by Dominic Turgeon.
12:21 of 1st period - Shot Blocked by Ludwig Bystrom.
13:08 of 1st period - Icing by Chase De Leo.
13:09 of 1st period - Dominic Turgeon wins face-off versus Chase De Leo in Moose zone.
13:10 of 1st period - Slapshot by Scott Wilson.
13:10 of 1st period - Shot Misses the Net.
13:13 of 1st period - Icing by Caleb Jones.
13:14 of 1st period - Dominic Turgeon wins face-off versus Chase De Leo in Moose zone.
13:27 of 1st period - Snap shot by Dominic Turgeon.
13:27 of 1st period - Shot Misses the Net.
14:13 of 1st period - Wrist shot by Vinni Lettieri.
14:13 of 1st period - Stopped by Jamie Phillips with a rebound.
14:29 of 1st period - Slapshot by Juuso Valimaki.
14:29 of 1st period - Deflect By Kieffer Bellows.
14:29 of 1st period - Shot Blocked by Karson Kuhlman.
14:29 of 1st period - Puck is out of play.
14:30 of 1st period - Kieffer Bellows wins face-off versus Karson Kuhlman in Rocket zone.
14:41 of 1st period - Slapshot by Jake Leschyshyn.
14:41 of 1st period - Shot Misses the Net.
15:21 of 1st period - Wrist shot by Jake Leschyshyn.
15:21 of 1st period - Stopped by Jamie Phillips with a rebound.
15:23 of 1st period - Slapshot by Joey Keane.
15:23 of 1st period - Stopped by Jamie Phillips without a rebound.
15:23 of 1st period - Minor Penalty to Boris Katchouk for Holding.
15:24 of 1st period - Dylan Strome wins face-off versus Dominic Turgeon in Moose zone.
15:37 of 1st period - Wrist shot by Scott Wilson.
15:37 of 1st period - Stopped by Filip Gustavsson without a rebound.
15:38 of 1st period - Dominic Turgeon wins face-off versus Dylan Strome in Moose zone.
15:53 of 1st period - Dylan Strome is hit by Dominic Turgeon and loses puck.
16:20 of 1st period - Caleb Jones is hit by Dominic Turgeon and loses puck.
17:23 of 1st period - Penalty to Boris Katchouk is over, Boris Katchouk is back on ice.
18:34 of 1st period - Wrist shot by Michael McLeod.
18:34 of 1st period - Shot Misses the Net.
Goals for this period are 0 for Moose vs 0 for Rocket.
Shots for this period are 10 for Moose vs 3 for Rocket.
2nd period
0:01 of 2nd period - Dominic Turgeon wins face-off versus Dylan Strome in neutral zone.
0:12 of 2nd period - Snap shot by Scott Wilson.
0:12 of 2nd period - Shot Hit the Post.
1:09 of 2nd period - Wrist shot by Dominic Turgeon.
1:09 of 2nd period - Shot Blocked by Nelson Nogier.
1:11 of 2nd period - Slapshot by Dylan DeMelo.
1:11 of 2nd period - Shot Misses the Net.
2:08 of 2nd period - Dominic Turgeon is hit by Chase De Leo and loses puck.
2:19 of 2nd period - Slapshot by Chase De Leo.
2:19 of 2nd period - Goal by Chase De Leo - Moose : 1 - Rocket : 0.
2:20 of 2nd period - Brandon Pirri wins face-off versus Dylan Strome in neutral zone.
2:35 of 2nd period - Chris Bigras is hit by Nikolay Goldobin and loses puck.
2:56 of 2nd period - Wrist shot by Nick Paul.
2:56 of 2nd period - Stopped by Jamie Phillips without a rebound.
2:57 of 2nd period - Michael McLeod wins face-off versus Dominic Turgeon in Rocket zone.
3:04 of 2nd period - Wrist shot by Michael McLeod.
3:04 of 2nd period - Stopped by Jamie Phillips without a rebound.
3:05 of 2nd period - Dominic Turgeon wins face-off versus Michael McLeod in Rocket zone.
3:05 of 2nd period - Dominic Turgeon is hit by Michael McLeod.
3:23 of 2nd period - Wrist shot by Michael McLeod.
3:23 of 2nd period - Stopped by Jamie Phillips with a rebound.
3:25 of 2nd period - Slapshot by Josh Mahura.
3:25 of 2nd period - Shot Blocked by Brandon Pirri.
3:27 of 2nd period - Wrist shot by Michael McLeod.
3:27 of 2nd period - Goal by Michael McLeod - Moose : 2 - Rocket : 0.
3:28 of 2nd period - Dylan Strome wins face-off versus Dominic Turgeon in neutral zone.
3:30 of 2nd period - Off-side.
3:31 of 2nd period - Dylan Strome wins face-off versus Dominic Turgeon in neutral zone.
3:44 of 2nd period - Slapshot by Mathieu Joseph.
3:44 of 2nd period - Stopped by Jamie Phillips without a rebound.
3:45 of 2nd period - Dominic Turgeon wins face-off versus Dylan Strome in Rocket zone.
4:35 of 2nd period - Slapshot by Troy Terry.
4:35 of 2nd period - Stopped by Filip Gustavsson with a rebound.
4:38 of 2nd period - Icing by Chase De Leo.
4:39 of 2nd period - Chase De Leo wins face-off versus Dominic Turgeon in Moose zone.
4:39 of 2nd period - Chase De Leo is hit by Jack Glover.
5:11 of 2nd period - Slapshot by Karson Kuhlman.
5:11 of 2nd period - Stopped by Filip Gustavsson with a rebound.
5:29 of 2nd period - Wrist shot by Anders Bjork.
5:29 of 2nd period - Stopped by Jamie Phillips without a rebound.
5:30 of 2nd period - Dylan Strome wins face-off versus Dominic Turgeon in Rocket zone.
5:35 of 2nd period - Slapshot by Mathieu Joseph.
5:35 of 2nd period - Deflect By Brandon Pirri.
5:35 of 2nd period - Stopped by Jamie Phillips with a rebound.
5:46 of 2nd period - Minor Penalty to Brandon Pirri for Holding Stick.
5:47 of 2nd period - Mathieu Joseph wins face-off versus Branden Troock in Rocket zone.
5:59 of 2nd period - Dominic Turgeon is hit by Mathieu Joseph and loses puck.
6:32 of 2nd period - Andrei Mironov is hit by Michael McLeod and loses puck.
6:43 of 2nd period - Caleb Jones is hit by Andrei Mironov and loses puck.
7:46 of 2nd period - Penalty to Brandon Pirri is over, Brandon Pirri is back on ice.
8:00 of 2nd period - Wrist shot by Raphael Bussieres.
8:00 of 2nd period - Deflect By JC Lipon.
8:00 of 2nd period - Stopped by Filip Gustavsson without a rebound.
8:01 of 2nd period - Chase De Leo wins face-off versus Luke Kunin in Moose zone.
8:06 of 2nd period - Snap shot by Anders Bjork.
8:06 of 2nd period - Shot Misses the Net.
8:36 of 2nd period - Snap shot by Luke Kunin.
8:36 of 2nd period - Stopped by Filip Gustavsson without a rebound.
8:37 of 2nd period - Michael McLeod wins face-off versus Dominic Turgeon in Moose zone.
9:12 of 2nd period - Wrist shot by Sergey Tolchinsky.
9:12 of 2nd period - Shot Misses the Net.
9:30 of 2nd period - Snap shot by Anders Bjork.
9:30 of 2nd period - Stopped by Jamie Phillips with a rebound.
9:32 of 2nd period - Wrist shot by Anders Bjork.
9:32 of 2nd period - Goal by Anders Bjork - Moose : 3 - Rocket : 0.
9:33 of 2nd period - Dylan Strome wins face-off versus Dominic Turgeon in neutral zone.
9:45 of 2nd period - Snap shot by Viktor Loov.
9:45 of 2nd period - Stopped by Filip Gustavsson with a rebound.
9:47 of 2nd period - Slapshot by Dominic Turgeon.
9:47 of 2nd period - Stopped by Filip Gustavsson with a rebound.
9:49 of 2nd period - Snap shot by Chris Bigras.
9:49 of 2nd period - Deflect By Scott Wilson.
9:49 of 2nd period - Goal by Scott Wilson - Moose : 3 - Rocket : 1.
9:50 of 2nd period - Dominic Turgeon wins face-off versus Nikolay Goldobin in neutral zone.
10:15 of 2nd period - Peter Holland is hit by Juuso Valimaki and loses puck.
10:44 of 2nd period - Wrist shot by Jake Leschyshyn.
10:44 of 2nd period - Shot Misses the Net.
10:46 of 2nd period - Slapshot by Nelson Nogier.
10:46 of 2nd period - Stopped by Jamie Phillips without a rebound.
10:47 of 2nd period - Dominic Turgeon wins face-off versus Dylan Strome in Rocket zone.
10:54 of 2nd period - Wrist shot by Scott Wilson.
10:54 of 2nd period - Stopped by Filip Gustavsson with a rebound.
10:56 of 2nd period - Slapshot by Scott Wilson.
10:56 of 2nd period - Goal by Scott Wilson - Moose : 3 - Rocket : 2.
10:57 of 2nd period - Peter Holland wins face-off versus Dylan Strome in neutral zone.
11:00 of 2nd period - Snap shot by Peter Holland.
11:00 of 2nd period - Shot Misses the Net.
11:11 of 2nd period - Off-side.
11:12 of 2nd period - Dominic Turgeon wins face-off versus Michael McLeod in neutral zone.
11:42 of 2nd period - Slapshot by Peter Holland.
11:42 of 2nd period - Shot Misses the Net.
11:44 of 2nd period - Slapshot by Viktor Loov.
11:44 of 2nd period - Goal by Viktor Loov - Moose : 3 - Rocket : 3.
11:45 of 2nd period - Dominic Turgeon wins face-off versus Dylan Strome in neutral zone.
12:21 of 2nd period - Snap shot by Peter Holland.
12:21 of 2nd period - Shot Blocked by Nick Paul.
13:41 of 2nd period - Snap shot by Peter Holland.
13:41 of 2nd period - Stopped by Filip Gustavsson without a rebound.
13:42 of 2nd period - Peter Holland wins face-off versus Michael McLeod in Moose zone.
13:43 of 2nd period - Snap shot by Sergey Tolchinsky.
13:43 of 2nd period - Shot Misses the Net.
13:48 of 2nd period - Ludwig Bystrom is hit by Chris Bigras and loses puck.
14:19 of 2nd period - Snap shot by Brandon Pirri.
14:19 of 2nd period - Stopped by Filip Gustavsson without a rebound.
14:20 of 2nd period - Jakob Lilja wins face-off versus Michael McLeod in Moose zone.
14:57 of 2nd period - Snap shot by Dominic Turgeon.
14:57 of 2nd period - Stopped by Filip Gustavsson with a rebound.
14:59 of 2nd period - Wrist shot by Brandon Pirri.
14:59 of 2nd period - Stopped by Filip Gustavsson with a rebound.
15:09 of 2nd period - Snap shot by Luke Kunin.
15:09 of 2nd period - Shot Hit the Post.
15:11 of 2nd period - Snap shot by Luke Kunin.
15:11 of 2nd period - Stopped by Filip Gustavsson with a rebound.
15:13 of 2nd period - Slapshot by Viktor Loov.
15:13 of 2nd period - Deflect By Dylan Strome.
15:13 of 2nd period - Stopped by Filip Gustavsson without a rebound.
15:14 of 2nd period - Luke Kunin wins face-off versus Michael McLeod in Moose zone.
15:15 of 2nd period - Snap shot by Chris Bigras.
15:15 of 2nd period - Stopped by Filip Gustavsson with a rebound.
15:27 of 2nd period - Snap shot by Michael McLeod.
15:27 of 2nd period - Stopped by Jamie Phillips without a rebound.
15:28 of 2nd period - Nick Paul wins face-off versus Dominic Turgeon in Rocket zone.
15:35 of 2nd period - Slapshot by Chris Bigras.
15:35 of 2nd period - Shot Misses the Net.
15:53 of 2nd period - Josh Mahura is hit by Viktor Loov and loses puck.
16:14 of 2nd period - Wrist shot by Jake Leschyshyn.
16:14 of 2nd period - Shot Blocked by Jakob Lilja.
16:20 of 2nd period - Kieffer Bellows is hit by Karson Kuhlman and loses puck.
16:25 of 2nd period - Slapshot by Troy Terry.
16:25 of 2nd period - Shot Blocked by Jake Leschyshyn.
16:39 of 2nd period - Slapshot by Raphael Bussieres.
16:39 of 2nd period - Stopped by Filip Gustavsson with a rebound.
16:41 of 2nd period - Slapshot by Jack Glover.
16:41 of 2nd period - Stopped by Filip Gustavsson without a rebound.
16:42 of 2nd period - Dominic Turgeon wins face-off versus Dylan Strome in Moose zone.
17:12 of 2nd period - Snap shot by Dominic Turgeon.
17:12 of 2nd period - Stopped by Filip Gustavsson with a rebound.
17:14 of 2nd period - Wrist shot by Brandon Pirri.
17:14 of 2nd period - Shot Misses the Net.
17:16 of 2nd period - Slapshot by Andrei Mironov.
17:16 of 2nd period - Stopped by Filip Gustavsson with a rebound.
17:18 of 2nd period - Slapshot by Dylan DeMelo.
17:18 of 2nd period - Shot Misses the Net.
17:20 of 2nd period - Wrist shot by Scott Wilson.
17:20 of 2nd period - Stopped by Filip Gustavsson with a rebound.
17:22 of 2nd period - Slapshot by Andrei Mironov.
17:22 of 2nd period - Stopped by Filip Gustavsson with a rebound.
17:38 of 2nd period - Snap shot by Brandon Pirri.
17:38 of 2nd period - Shot Blocked by Nelson Nogier.
17:40 of 2nd period - Snap shot by Dominic Turgeon.
17:40 of 2nd period - Stopped by Filip Gustavsson without a rebound.
17:41 of 2nd period - Dylan Strome wins face-off versus Peter Holland in Moose zone.
17:46 of 2nd period - Peter Holland is hit by Dylan Strome and loses puck.
17:55 of 2nd period - Slapshot by Mathieu Joseph.
17:55 of 2nd period - Shot Blocked by Viktor Loov.
17:57 of 2nd period - Slapshot by Ludwig Bystrom.
17:57 of 2nd period - Stopped by Jamie Phillips with a rebound.
18:03 of 2nd period - Minor Penalty to Ty Rattie for Holding.
18:04 of 2nd period - Brandon Pirri wins face-off versus Nikolay Goldobin in Rocket zone.
18:37 of 2nd period - Slapshot by Juuso Valimaki.
18:37 of 2nd period - Shot Blocked by Viktor Loov.
18:39 of 2nd period - Slapshot by Michael McLeod.
18:39 of 2nd period - Moose goal is going for a video replay.
18:39 of 2nd period - The goal is good.
18:39 of 2nd period - Goal by Michael McLeod - Moose : 4 - Rocket : 3.
18:40 of 2nd period - Peter Holland wins face-off versus Mathieu Joseph in neutral zone.
18:49 of 2nd period - Backhand shot by Sergey Tolchinsky.
18:49 of 2nd period - Shot Misses the Net.
18:51 of 2nd period - Wrist shot by Peter Holland.
18:51 of 2nd period - Shot Blocked by Juuso Valimaki.
19:50 of 2nd period - Wrist shot by Luke Kunin.
19:50 of 2nd period - Stopped by Filip Gustavsson with a rebound.
19:52 of 2nd period - Slapshot by Ryan Collins.
19:52 of 2nd period - Deflect By Luke Kunin.
19:52 of 2nd period - Shot Hit the Post.
19:52 of 2nd period - Puck is out of play.
19:53 of 2nd period - Peter Holland wins face-off versus Dylan Strome in Moose zone.
Goals for this period are 4 for Moose vs 3 for Rocket.
Shots for this period are 14 for Moose vs 25 for Rocket.
3rd period
0:01 of 3rd period - Dylan Strome wins face-off versus Dominic Turgeon in neutral zone.
0:01 of 3rd period - Dylan Strome is hit by Brandon Pirri.
0:59 of 3rd period - Slapshot by Karson Kuhlman.
0:59 of 3rd period - Stopped by Filip Gustavsson without a rebound.
1:00 of 3rd period - Dominic Turgeon wins face-off versus Dylan Strome in Moose zone.
1:27 of 3rd period - Minor Penalty to Ty Rattie for Tripping.
1:28 of 3rd period - Brandon Pirri wins face-off versus Dylan Strome in Rocket zone.
2:07 of 3rd period - Wrist shot by Peter Holland.
2:07 of 3rd period - Shot Misses the Net.
2:09 of 3rd period - Snap shot by Chris Bigras.
2:09 of 3rd period - Stopped by Filip Gustavsson with a rebound.
2:11 of 3rd period - Slapshot by Chris Bigras.
2:11 of 3rd period - Shot Blocked by Juuso Valimaki.
2:13 of 3rd period - Wrist shot by Peter Holland.
2:13 of 3rd period - Shot Blocked by Ludwig Bystrom.
3:27 of 3rd period - Penalty to Ty Rattie is over, Ty Rattie is back on ice.
3:42 of 3rd period - Snap shot by Dominic Turgeon.
3:42 of 3rd period - Stopped by Filip Gustavsson with a rebound.
3:56 of 3rd period - Wrist shot by Troy Terry.
3:56 of 3rd period - Stopped by Filip Gustavsson without a rebound.
3:57 of 3rd period - Jake Leschyshyn wins face-off versus Karson Kuhlman in Moose zone.
3:57 of 3rd period - Jake Leschyshyn is hit by Karson Kuhlman.
4:14 of 3rd period - Jakob Lilja is hit by Boris Katchouk and loses puck.
4:21 of 3rd period - Karson Kuhlman is hit by Jake Leschyshyn and loses puck.
4:30 of 3rd period - Slapshot by Andrei Mironov.
4:30 of 3rd period - Shot Blocked by Juuso Valimaki.
4:59 of 3rd period - Snap shot by Boris Katchouk.
4:59 of 3rd period - Shot Blocked by Troy Terry.
5:03 of 3rd period - Snap shot by Jake Leschyshyn.
5:03 of 3rd period - Shot Misses the Net.
5:18 of 3rd period - Snap shot by Nelson Nogier.
5:18 of 3rd period - Shot Misses the Net.
5:26 of 3rd period - Wrist shot by Troy Terry.
5:26 of 3rd period - Shot Misses the Net.
5:28 of 3rd period - Snap shot by Troy Terry.
5:28 of 3rd period - Deflect By Karson Kuhlman.
5:28 of 3rd period - Shot Misses the Net.
5:28 of 3rd period - Puck is out of play.
5:29 of 3rd period - Dylan Strome wins face-off versus Dominic Turgeon in Moose zone.
5:56 of 3rd period - Joey Keane is hit by Sergey Tolchinsky and loses puck.
6:17 of 3rd period - Slapshot by Luke Kunin.
6:17 of 3rd period - Stopped by Filip Gustavsson without a rebound.
6:18 of 3rd period - Luke Kunin wins face-off versus Chase De Leo in Moose zone.
6:47 of 3rd period - Snap shot by Dylan Strome.
6:47 of 3rd period - Stopped by Jamie Phillips without a rebound.
6:48 of 3rd period - Dylan Strome wins face-off versus Peter Holland in Rocket zone.
6:49 of 3rd period - Slapshot by Nikolay Goldobin.
6:49 of 3rd period - Stopped by Jamie Phillips without a rebound.
6:50 of 3rd period - Peter Holland wins face-off versus Dylan Strome in Rocket zone.
8:02 of 3rd period - Slapshot by Chris Bigras.
8:02 of 3rd period - Shot Misses the Net.
8:04 of 3rd period - Wrist shot by Peter Holland.
8:04 of 3rd period - Shot Blocked by Ludwig Bystrom.
8:06 of 3rd period - Wrist shot by Sergey Tolchinsky.
8:06 of 3rd period - Shot Blocked by Ludwig Bystrom.
8:10 of 3rd period - Wrist shot by Peter Holland.
8:10 of 3rd period - Stopped by Filip Gustavsson without a rebound.
8:11 of 3rd period - Dylan Strome wins face-off versus Dominic Turgeon in Moose zone.
8:18 of 3rd period - Slapshot by Juuso Valimaki.
8:18 of 3rd period - Stopped by Jamie Phillips with a rebound.
9:18 of 3rd period - Snap shot by Anders Bjork.
9:18 of 3rd period - Shot Misses the Net.
9:20 of 3rd period - Wrist shot by Julien Gauthier.
9:20 of 3rd period - Goal by Julien Gauthier - Moose : 5 - Rocket : 3.
9:21 of 3rd period - Dominic Turgeon wins face-off versus Nikolay Goldobin in neutral zone.
9:21 of 3rd period - Dominic Turgeon is hit by Juuso Valimaki.
9:46 of 3rd period - Peter Holland is hit by Nick Paul and loses puck.
10:58 of 3rd period - Minor Penalty to Josh Mahura for Holding.
10:59 of 3rd period - Dominic Turgeon wins face-off versus Dylan Strome in Moose zone.
11:09 of 3rd period - Snap shot by Dominic Turgeon.
11:09 of 3rd period - Goal by Dominic Turgeon - Moose : 5 - Rocket : 4.
11:10 of 3rd period - Dylan Strome wins face-off versus Dominic Turgeon in neutral zone.
11:38 of 3rd period - Slapshot by Ludwig Bystrom.
11:38 of 3rd period - Stopped by Jamie Phillips without a rebound.
11:39 of 3rd period - Peter Holland wins face-off versus Michael McLeod in Rocket zone.
11:39 of 3rd period - Peter Holland is hit by Vinni Lettieri.
12:04 of 3rd period - Dylan Strome is hit by Dominic Turgeon and loses puck.
12:12 of 3rd period - Minor Penalty to Caleb Jones for Holding.
12:13 of 3rd period - Dominic Turgeon wins face-off versus Dylan Strome in Moose zone.
12:49 of 3rd period - Michael McLeod is hit by Scott Wilson and loses puck.
13:47 of 3rd period - Icing by Viktor Loov.
13:48 of 3rd period - Michael McLeod wins face-off versus Dominic Turgeon in Rocket zone.
13:55 of 3rd period - Brandon Pirri is hit by Nick Paul and loses puck.
14:12 of 3rd period - Penalty to Caleb Jones is over, Caleb Jones is back on ice.
14:37 of 3rd period - Snap shot by Michael McLeod.
14:37 of 3rd period - Shot Blocked by Jack Glover.
14:39 of 3rd period - Slapshot by Nick Paul.
14:39 of 3rd period - Shot Misses the Net.
14:41 of 3rd period - Snap shot by Michael McLeod.
14:41 of 3rd period - Stopped by Jamie Phillips with a rebound.
14:47 of 3rd period - Snap shot by Michael McLeod.
14:47 of 3rd period - Stopped by Jamie Phillips without a rebound.
14:48 of 3rd period - Dylan Strome wins face-off versus Peter Holland in Rocket zone.
16:19 of 3rd period - Snap shot by Boris Katchouk.
16:19 of 3rd period - Stopped by Jamie Phillips with a rebound.
16:21 of 3rd period - Snap shot by Josh Mahura.
16:21 of 3rd period - Shot Misses the Net.
16:23 of 3rd period - Slapshot by Boris Katchouk.
16:23 of 3rd period - Stopped by Jamie Phillips with a rebound.
17:17 of 3rd period - Ludwig Bystrom is hit by Dylan DeMelo and loses puck.
17:24 of 3rd period - Snap shot by Mathieu Joseph.
17:24 of 3rd period - Stopped by Jamie Phillips without a rebound.
17:25 of 3rd period - Dominic Turgeon wins face-off versus Chase De Leo in Rocket zone.
17:25 of 3rd period - Dominic Turgeon is hit by Caleb Jones.
17:33 of 3rd period - Wrist shot by Anders Bjork.
17:33 of 3rd period - Shot Misses the Net.
17:59 of 3rd period - Backhand shot by Nikolay Goldobin.
17:59 of 3rd period - Stopped by Jamie Phillips with a rebound.
18:23 of 3rd period - Snap shot by Michael McLeod.
18:23 of 3rd period - Stopped by Jamie Phillips without a rebound.
18:24 of 3rd period - Chase De Leo wins face-off versus Brandon Pirri in Rocket zone.
18:49 of 3rd period - Dylan DeMelo is hit by Nikolay Goldobin and loses puck.
19:00 of 3rd period - Rocket, Jamie Phillips is pulled from the net.
19:02 of 3rd period - Slapshot by Dominic Turgeon.
19:02 of 3rd period - Shot Misses the Net.
19:20 of 3rd period - Slapshot by Dylan Strome.
19:20 of 3rd period - Goal by Dylan Strome - Moose : 6 - Rocket : 4.
19:20 of 3rd period - Jamie Phillips from Rocket was sent back in the game.
19:21 of 3rd period - Chase De Leo wins face-off versus Dominic Turgeon in neutral zone.
19:42 of 3rd period - Snap shot by Branden Troock.
19:42 of 3rd period - Shot Blocked by Dylan Strome.
19:44 of 3rd period - Slapshot by Viktor Loov.
19:44 of 3rd period - Stopped by Filip Gustavsson without a rebound.
19:45 of 3rd period - Chase De Leo wins face-off versus Dominic Turgeon in Moose zone.
19:45 of 3rd period - Chase De Leo is hit by Brandon Pirri.
Goals for this period are 2 for Moose vs 1 for Rocket.
Shots for this period are 13 for Moose vs 8 for Rocket.